 Dungeon Crawl Stone Soup version 0.27.0-1-g7a089689b8 (webtiles) character file.

Game seed: 3417667732637642579

59 dolemite99 the Chopper (level 3, -1/27 HPs)
             Began as a Demonspawn Gladiator on Aug 6, 2021.
             Was a Follower of Sif Muna.
             Succumbed to a scorpion's poison
             ... on level 2 of the Dungeon.
             The game lasted 00:02:35 (1374 turns).

dolemite99 the Chopper (Demonspawn Gladiator)       Turns: 1374, Time: 00:02:35

Health: -1/27      AC:  5    Str: 15    XL:     3   Next: 78%
Magic:  3/3        EV:  9    Int:  9    God:    Sif Muna [*.....]
Gold:   85         SH:  7    Dex: 14    Spells: 2/2 levels left

rFire    . . .     SeeInvis .   a - +0 war axe
rCold    . . .     Faith    .   j - +0 kite shield
rNeg     . . .     Spirit   .   b - +0 leather armour
rPois    .         Reflect  .   c - +0 helmet
rElec    .         Harm     .   (no cloak)
rCorr    .         Rampage  .   k - +0 pair of gloves
Will     .....                  (no boots)
Stlth    +.........             (no amulet)
HPRegen  0.09/turn              (no ring)
MPRegen  0.16/turn              (no ring)

@: lethally poisoned (-1 -> -5)
A: magic regeneration
a: Renounce Religion, Channel Magic


You were on level 2 of the Dungeon.
You worshipped Sif Muna.
Sif Muna was aware of your devotion.
You visited 1 branch of the dungeon, and saw 2 of its levels.

You collected 85 gold pieces.

Inventory:

Hand Weapons
 a - a +0 war axe (weapon)
Missiles
 d - 3 throwing nets (quivered)
 e - 2 silver javelins
 h - 20 poisoned darts
 l - 21 bolts
Armour
 b - a +0 leather armour (worn)
 c - a +0 helmet (worn)
 j - a +0 kite shield (worn)
 k - a +0 pair of gloves (worn)
Scrolls
 g - 2 scrolls of teleportation {unknown}
 i - a scroll of brand weapon {unknown}
Potions
 f - a potion of curing {unknown}


   Skills:
 - Level 2.2 Fighting
 + Level 4.0 Axes
 - Level 2.0 Throwing
 - Level 2.8 Dodging


You had 2 spell levels left.
You didn't know any spells.
Your spell library contained the following spells:

 Spells                   Type           Power      Damage    Failure   Level
 Corona                   Hex            0%         N/A       98%         1
 Ensorcelled Hibernation  Hex/Ice        0%         N/A       99%         2
 Tukima's Dance           Hex            0%         N/A       100%        3


Dungeon Overview and Level Annotations

Branches:
Dungeon (2/15)

Altars:
Sif Muna

Shops:
D:2 [*


Innate Abilities, Weirdness & Mutations

You regenerate magic rapidly.


Message History

The kobold hits you but does no damage.
You are too injured to fight recklessly!
You are too injured to fight recklessly!
You are too injured to fight recklessly!
Items here: ( )) †.
You slash the endoplasm!
You kill the endoplasm!
Sif Muna accepts your kill.
You miss the kobold. The kobold hits you but does no damage.
The kobold hits you but does no damage.
You closely miss the kobold. The kobold hits you with a +0 dagger.
The kobold hits you but does no damage.
You closely miss the kobold. The kobold closely misses you.
You barely miss the kobold. The kobold hits you but does no damage.
The kobold hits you with a +0 dagger.
Your shield prevents you from hitting the kobold.
The kobold hits you but does no damage. The kobold hits you with a +0 dagger.
* * * LOW HITPOINT WARNING * * *
You hit the kobold.
You kill the kobold!
Sif Muna accepts your kill.
Your Axes skill increases to level 4!
You start resting.
A scorpion comes into view.
A scorpion is nearby!
A scorpion is nearby!
The scorpion stings you. The scorpion stings you!
* * * LOW HITPOINT WARNING * * *
You are lethally poisoned!
The scorpion poisons you!
You hit the scorpion.
The scorpion is moderately wounded.
* * * LOW HITPOINT WARNING * * *
You feel very sick. The scorpion closely misses you.
The scorpion stings you but does no damage.
You hit the scorpion.
The scorpion is heavily wounded.
You die...

#####[....>..##.#..######.#...###
###......)..#.####........#..
#.......###.###.....#..##.#
##..............#.........#
#.....####...........≈.≈..
#.....# #..#..÷..##≈≈.≈≈# .....
#.....####.#.....###≈≈∩≈≈#
.....#####.####........## #≈≈≈≈≈#
................@.#.#### #K≈≈≈##
.....#####......s...# #.####
.....####...........# #.#
.....##.........†...# ..#
.....#.)#...........# ###.#
.......##.).........###..<.
.....####..)........#... ###.##
#..>..###...#.####.#
#..####.....###..........#


You could see a scorpion.

Vanquished Creatures
  3 adders (D:2)
  4 endoplasms
  A giant cockroach (D:1)
  4 goblins
  3 hobgoblins
  A quokka (D:1)
  3 ball pythons
  5 bats
  6 kobolds
  A rat (D:1)
31 creatures vanquished.

Vanquished Creatures (others)
  9 plants (D:1)
  8 withered plants (D:1)
17 creatures vanquished.

Grand Total: 48 creatures vanquished

Notes
Turn   | Place    | Note
-------+----------+-------------------------------------------
     0 | D:1      | dolemite99 the Demonspawn Gladiator began the quest for the
                  | Orb.
     0 | D:1      | Reached XP level 1. HP: 16/16 MP: 1/1
   497 | D:1      | Gained mutation: You regenerate magic rapidly. [demonic
                  | ancestry]
   497 | D:1      | Reached XP level 2. HP: 20/22 MP: 2/2
   689 | D:1      | Found a faded altar of an unknown god.
   747 | D:1      | Became a worshipper of Sif Muna the Loreminder
   747 | D:1      | Reached * piety under Sif Muna
   783 | D:1      | Reached skill level 3 in Axes
  1047 | D:2      | Found Linop's General Store.
  1097 | D:2      | Found Faenug's Antique Armour Boutique.
  1110 | D:2      | Reached XP level 3. HP: 23/27 MP: 3/3
  1292 | D:2      | Reached skill level 4 in Axes
  1366 | D:2      | Noticed a scorpion
  1373 | D:2      | HP: 1/27 [poisoned by a scorpion]
  1374 | D:2      | Succumbed to a scorpion's poison

Illustrated notes

Levels and vault maps discovered:
D:1:      sevenhm_arrival_forest_fort_small_3, layout_basic,
          shapermc_ecumenical_altar_flowoftime
D:2:      layout_rooms, basic_altar, serial_shops, shop,
          nicolae_shop_waterfront, serial_glass, glass_columns_a,
          glass_columns_b

Skill      XL: |  1  2  3 |
---------------+----------+-----
Throwing       | 2 |  2.0
Axes           | 3 4 |  4.0
Fighting       | |  2.2
Dodging        | |  2.8

Action                   || total
-------------------------++-------
Melee: War axe           ||   117
 Stab: Sleeping          ||     1
Armor: Leather armour    ||    58
Dodge: Dodged            ||    64
Block: Kite shield       ||    18
